 Dungeon Crawl Stone Soup version 0.23-a0-612-gcb482e9 (console) character file.

74 Duffy the Chopper (level 4, -8/39 HPs)
             Began as a Naga Gladiator on Dec 21, 2018.
             Killed by divine providence
             ... invoked by an orc priest
              (12 damage)
             ... on level 3 of the Dungeon.
             The game lasted 00:00:49 (547 turns).

Duffy the Chopper (Naga Gladiator)                   Turns: 547, Time: 00:00:50

Health: -8/39      AC:  6    Str: 17    XL:     4   Next: 30%
Magic:  4/4        EV:  5    Int:  8    God:
Gold:   23         SH:  0    Dex: 13    Spells: 3/3 levels left

rFire    . . .     SeeInvis +   i - +2 whip (flame)
rCold    . . .     Gourm    .   (no shield)
rNeg     . . .     Faith    .   j - +0 chain mail
rPois    +         Spirit   .   c - +0 helmet
rElec    .         Reflect  .   (no cloak)
rCorr    .         Harm     .   (no gloves)
MR       .....                  (no barding)
Stlth    ..........             (no amulet)
HPRegen  0.13/turn              (no ring)
MPRegen  0.09/turn              (no ring)

@: short of breath, slowed, very slow
A: large, see invisible, deformed body, poison resistance, slowness 2, slow
metabolism 1, spit poison 1, AC +1
a: Spit Poison


You were on level 3 of the Dungeon.
You were not hungry.

You visited 1 branch of the dungeon, and saw 3 of its levels.

You collected 23 gold pieces.

Inventory:

Hand Weapons
 a - a +0 war axe
 i - a +2 whip of flaming (weapon)
Missiles
 d - 3 throwing nets (quivered)
Armour
 b - a +0 leather armour
 c - a +0 helmet (worn)
 j - a +0 chain mail (worn)
Scrolls
 e - a scroll of teleportation {unknown}
 g - a scroll of magic mapping {unknown}
 l - a scroll of identify {unknown}
Potions
 k - 2 potions of curing {unknown}
Comestibles
 f - 3 rations
 h - 2 chunks of flesh


   Skills:
 - Level 2.0 Fighting
 + Level 5.0 Axes
 - Level 1.7 Throwing
 - Level 2.4 Dodging


You had 3 spell levels left.
You didn't know any spells.
Your spell library was empty.

Dungeon Overview and Level Annotations

Branches:
Dungeon (3/15)

Altars:
Gozag


Innate Abilities, Weirdness & Mutations

You cannot wear boots.
Your serpentine skin is tough. (AC +1)
You have supernaturally acute eyesight. (SInv)
Armour fits poorly on your strangely shaped body.
Your system is resistant to poisons. (rPois)
You cover ground very slowly.
You have a slow metabolism.
You can spit poison.


Message History

You have got your breath back.
The orc priest invokes the aid of Beogh against you.
Beogh smites you!
The orc priest hits you with a +0 hand axe.
You closely miss the orc priest.
The orc priest is moderately wounded.
The orc priest hits you with a +0 hand axe.
Press: ? - help, Shift-Dir - straight line, f/p - orc priest
Aim: an orc priest, wielding a +0 hand axe (moderately wounded)
The splash of poison misses the orc priest.
You feel slightly more hungry.
The orc priest hits you but does no damage. x2
You hit the orc priest. You burn the orc priest.
The orc priest is heavily wounded.
The orc priest hits you but does no damage.
You hit the orc priest but do no damage.
The orc priest is heavily wounded.
The orc priest mumbles some strange prayers to Beogh against you.
Beogh smites you!
You die...

#.#
####.....
#.#
#.####
#.# #.##
#.# #..#
#.# #..#
#.# #..#
######.#
#..#
#......#
#..#
#@######
#..# #o#
#..#
#...oo..o
#..#
#########
#..#
#..###
#...(.
#.####
#.# # #.#
#


You could see an orc priest.

Vanquished Creatures
  An orc wizard (D:3)
  An orc priest (D:3)
  5 orcs (D:3)
  A hobgoblin (D:3)
  A kobold (D:3)
  4 bats
13 creatures vanquished.

Notes
Turn   | Place    | Note
-------+----------+-------------------------------------------
     0 | D:1      | Duffy the Naga Gladiator began the quest for the Orb.
     0 | D:1      | Reached XP level 1. HP: 19/19 MP: 1/1
    61 | D:2      | Found an opulent altar of Gozag.
   208 | D:3      | Noticed an orc priest
   210 | D:3      | Killed an orc priest
   210 | D:3      | Reached skill level 4 in Axes
   210 | D:3      | Reached XP level 2. HP: 26/26 MP: 2/2
   210 | D:3      | Reached XP level 3. HP: 32/32 MP: 3/3
   541 | D:3      | Reached skill level 5 in Axes
   541 | D:3      | Reached XP level 4. HP: 23/39 MP: 4/4
   547 | D:3      | Killed from afar by an orc priest

Vault maps used:
D:1:      minmay_arrival_doors
D:2:      okawaru_trees_2, ashenzari_conservatory_becter,
          nicolae_gozag_seed_capital, uniq_robin
D:3:      uniq_ijyb, uniq_sigmund, uniq_natasha

Skill      XL: |  1  2  3 |
---------------+----------+-----
Axes           | 4 5 |  5.0
Fighting       | |  2.0
Throwing       | |  1.7
Dodging        | |  2.4

Action                   |  1- 3 |  4- 6 || total
-------------------------+-------+-------++-------
Melee: War axe           |    18 |       ||    18
       Whip              |    25 |     5 ||    30
 Abil: Spit Poison       |     2 |     2 ||     4
Armor: Leather armour    |    20 |       ||    20
       Chain mail        |    12 |     4 ||    16
Dodge: Dodged            |    23 |       ||    23

Table legend:
 A = Non-vault XP
 B = Vault XP
 C = Vault XP percentage of total XP
 D = Non-vault monster count
 E = Vault monster count
 F = Vault count percentage of total count
                 A         B        C        D         E       F
            +---------+---------+-------+---------+---------+-------
      Total |     107 |       0 |   0.0 |      13 |       0 |   0.0
            +---------+---------+-------+---------+---------+-------
        D:1 |       1 |       0 |   0.0 |       1 |       0 |   0.0
        D:2 |       1 |       0 |   0.0 |       1 |       0 |   0.0
        D:3 |     105 |       0 |   0.0 |      11 |       0 |   0.0
            +---------+---------+-------+---------+---------+-------
